 Dungeon Crawl Stone Soup version 0.30-a0-358-g0d69a1922f (webtiles) character file.

Game seed: 13030933686991383830

1921 retardedninja the Cleaver (level 9, -6/81 HPs)
             Began as a Hill Orc Fighter on Nov 10, 2022.
             Mangled by an orc warrior
             ... wielding a +0 halberd
              (16 damage)
             ... on level 7 of the Dungeon.
             The game lasted 00:09:58 (7211 turns).

retardedninja the Cleaver (Hill Orc Fighter)        Turns: 7211, Time: 00:09:58

Health: -6/81      AC: 11    Str: 23    XL:     9   Next: 17%
Magic:  9/9        EV: 10    Int:  8    God:
Gold:   356        SH:  0    Dex: 10    Spells: 8/8 levels left

rFire   . . .      SeeInvis .    v - +2 battleaxe
rCold   . . .      Faith    .    (shield currently unavailable)
rNeg    . . .      Spirit   .    b - +0 scale mail
rPois   .          Reflect  .    d - +1 helmet
rElec   .          Harm     .    (no cloak)
rCorr   .          Rampage  .    p - +0 pair of gloves
Will    .....                    (no boots)
Stlth   ..........               (no amulet)
HPRegen 0.33/turn                (no ring)
MPRegen 0.11/turn                (no ring)

@: no status effects
A: no striking features
a: no special abilities


You were on level 7 of the Dungeon.
You visited 1 branch of the dungeon, and saw 7 of its levels.

You collected 356 gold pieces.

Inventory:

Hand Weapons
 a - a +4 war axe
 v - a +2 battleaxe (weapon)
Missiles
 k - 5 javelins (quivered)
 w - a throwing net
Armour
 b - a +0 scale mail (worn)
 d - a +1 helmet (worn)
 p - a +0 pair of gloves (worn)
Wands
 l - a wand of digging (7)
 t - a wand of mindburst (13)
Scrolls
 c - a scroll of fear
 e - a scroll of immolation {unknown}
 g - 2 scrolls of poison
 h - 2 scrolls of blinking
 i - 3 scrolls of noise
 j - 4 scrolls of butterflies
 n - 2 scrolls of identify
 o - 3 scrolls of magic mapping {unknown}
 r - 2 scrolls of vulnerability
 x - a scroll of summoning {unknown}
 y - a scroll of teleportation
Potions
 f - a potion of degeneration
 q - a potion of mutation
 s - a potion of flight
 u - 3 potions of haste
Miscellaneous
 m - a phial of floods


   Skills:
 + Level 7.8 Fighting
 + Level 8.1 Axes
 + Level 7.2 Armour
 + Level 7.1 Shields


You had 8 spell levels left.
You didn't know any spells.
Your spell library contained the following spells:

 Spells                   Type           Power      Damage    Failure   Level
 Beastly Appendage        Tmut           0%         N/A       69%         1
 Blink                    Tloc           0%         N/A       83%         2
 Momentum Strike          Conj/Tloc      0%         3d8       83%         2
 Wereblood                Tmut           0%         N/A       83%         2
 Inner Flame              Hex/Fire       0%         N/A       96%         3
 Lesser Beckoning         Tloc           0%         N/A       96%         3
 Portal Projectile        Hex/Tloc       0%         N/A       96%         3
 Spider Form              Tmut/Pois      0%         N/A       96%         3
 Tukima's Dance           Hex            0%         N/A       96%         3
 Animate Dead             Necr           0%         N/A       100%        4
 Cause Fear               Hex            0%         N/A       100%        4
 Blade Hands              Tmut           0%         N/A       100%        5
 Haunt                    Necr/Summ      0%         N/A       100%        7
 Discord                  Hex            0%         N/A       100%        8
 Infestation              Necr           0%         N/A       100%        8


Dungeon Overview and Level Annotations

Branches:
Dungeon (7/15)
 Temple: D:4-7

Altars:
The Shining One


Message History

The orc wizard points at you and mumbles some strange words.
The puff of flame hits you.
The orc warrior hits you but does no damage.
You miss the orc wizard.
The orc wizard is almost dead.
The orc wizard barely misses you. The orc warrior misses you.
Unknown command.
You hit the orc wizard.
You kill the orc wizard!
The orc warrior hits you but does no damage.
Unknown command.
The orc warrior barely misses you.
Things that are here:
a +0 dagger; a +0 robe; an orc corpse The orc warrior closely misses you.
You barely miss the orc warrior.
The orc warrior hits you with a +0 halberd!
The orc warrior hits you with a +0 halberd.
You closely miss the orc warrior. The orc warrior barely misses you.
You barely miss the orc warrior. The orc warrior barely misses you.
You barely miss the orc warrior.
The orc warrior hits you but does no damage.
The orc warrior hits you with a +0 halberd!
You closely miss the orc warrior.
The orc warrior hits you with a +0 halberd!
* * * LOW HITPOINT WARNING * * *
You hit the orc warrior.
The orc warrior is moderately wounded.
The orc warrior hits you with a +0 halberd.
* * * LOW HITPOINT WARNING * * *
You slash the orc warrior!
The orc warrior is severely wounded.
The orc warrior hits you with a +0 halberd.
* * * LOW HITPOINT WARNING * * *
You hit the orc warrior but do no damage.
The orc warrior is severely wounded.
The orc warrior hits you with a +0 halberd.
* * * LOW HITPOINT WARNING * * *
The orc warrior hits you with a +0 halberd!
You die...

... ... #.#
#.# # #.# #
######'## #
##...#...## #
##.))......##
###
#..@)####...##
##.# ##.o##
#....####...
#....
#....'......
#...##
#....####...
##.## #...##
##.# .# #..##
#.. ##
#.########..
#.....†..#..
#.######.#..


You could see an orc warrior.

Vanquished Creatures
  A water moccasin (D:6)
  3 black bears
  2 centaurs
  A phantom (D:5)
  A gnoll sergeant (D:6)
  4 scorpions
  4 wights (D:6)
  A howler monkey (D:5)
  2 hounds (D:5)
  2 jellies
  3 orc priests
  2 gnoll boudas
  An orc wizard (D:7)
  5 iguanas
  12 gnolls
  11 adders
  2 white imps
  2 worms (D:2)
  3 dart slugs
  10 orcs
  11 endoplasms
  9 giant cockroaches
  6 goblins
  5 hobgoblins
  6 jackals
  7 kobolds
  3 quokkas
  2 training dummies (D:6)
  12 ball pythons
  5 bats
  2 frilled lizards
  3 goblin skeletons (D:4)
  4 goblin zombies (D:4)
  3 hobgoblin zombies (D:4)
  2 kobold skeletons (D:4)
  A kobold zombie (D:4)
  An orc skeleton (D:4)
  4 rats
158 creatures vanquished.

Vanquished Creatures (others)
  2 fungi (D:7)
  8 plants (D:6)
10 creatures vanquished.

Grand Total: 168 creatures vanquished

Notes
Turn   | Place    | Note
-------+----------+-------------------------------------------
     0 | D:1      | retardedninja the Hill Orc Fighter began the quest for the
                  | Orb.
     0 | D:1      | Reached XP level 1. HP: 19/19 MP: 1/1
    92 | D:1      | Reached XP level 2. HP: 27/27 MP: 2/2
    96 | D:1      | Reached skill level 3 in Axes
   320 | D:1      | Reached XP level 3. HP: 30/33 MP: 3/3
  1018 | D:2      | Reached XP level 4. HP: 39/40 MP: 4/4
  1676 | D:3      | Reached skill level 4 in Axes
  1676 | D:3      | Reached XP level 5. HP: 47/47 MP: 5/5
  1688 | D:3      | Noticed a centaur
  1701 | D:3      | Killed a centaur
  1710 | D:3      | Reached skill level 5 in Fighting
  1711 | D:3      | Reached XP level 6. HP: 52/56 MP: 6/6
  2001 | D:3      | You fall into a shaft and drop 1 floor!
  2179 | D:4      | Found a glowing golden altar of the Shining One.
  2268 | D:4      | Reached skill level 5 in Axes
  2399 | D:4      | Reached skill level 5 in Armour
  2406 | D:4      | Reached skill level 5 in Shields
  2406 | D:4      | Reached XP level 7. HP: 8/61 MP: 7/7
  2411 | D:4      | HP: 4/91 [poisoned by a scorpion]
  3675 | D:5      | Entered Level 5 of the Dungeon
  3783 | D:5      | Reached skill level 6 in Axes
  4744 | D:5      | Reached XP level 8. HP: 71/71 MP: 8/8
  5404 | D:6      | Reached skill level 7 in Axes
  6676 | D:6      | Reached XP level 9. HP: 53/79 MP: 9/9
  7029 | D:7      | Reached skill level 8 in Axes
  7211 | D:7      | Mangled by an orc warrior

Illustrated notes

Levels and vault maps discovered:
D:1:      eino_arrival_cavern_d, layout_loops_ring
D:2:      minmay_alternating_diamond, layout_loops_cross, minmay_misc_feat_x,
          kennysheep_generic_room_15
D:3:      layout_basic
D:4:      layout_cave_pools, nicolae_tso_besieged_by_evil,
          mrwooster_statue_mirror, minivault_1, amcnicky_mini_pool_small,
          patterned_corridor
D:5:      layout_loops_ring
D:6:      dreamdust_elfheim, layout_basic, nicolae_grassy_gnolls
D:7:      layout_loops_corners, temple_hall, nicolae_shop_fire_sale
          [nicolae_sub_dead_trees], minmay_three_doors, uniq_crazy_yiuf_cottage

Skill      XL: |  1  2  3  4  5  6  7  8  9 |
---------------+----------------------------+-----
Axes           | 3 4 5 6 7 8 |  8.1
Fighting       | 4 5 6 7 |  7.8
Armour         | 4 5 7 |  7.2
Shields        | 4 5 6 7 |  7.1

Action                   |  1- 3 |  4- 6 |  7- 9 || total
-------------------------+-------+-------+-------++-------
Melee: War axe           |    80 |   154 |   203 ||   437
       Battleaxe         |       |       |    33 ||    33
Throw: Javelin           |     6 |     5 |     2 ||    13
  Use: Potion            |       |     3 |     4 ||     7
       Scroll            |       |       |    18 ||    18
Armor: Scale mail        |    48 |    74 |   117 ||   239
       Skin              |       |     1 |       ||     1
Dodge: Dodged            |    38 |    84 |   112 ||   234
Block: Buckler           |    13 |    35 |    53 ||   101

Table legend: (Time is in decaauts)
 A = Elapsed time spent in this place.
 B = Non-inter-level travel time spent in this place.
 C = Inter-level travel time spent in this place.
 D = Time resting spent in this place.
 E = Time spent auto-exploring this place.
 F = Levels seen in this place.
 G = Mean time per level.
                   A        B        C        D        E       F      G
               +--------+--------+--------+--------+--------+-----+--------+
         Total |   7321 |   7111 |    210 |   1532 |   4450 |   7 | 1045.9 |
       Dungeon |   7321 |   7111 |    210 |   1532 |   4450 |   7 | 1045.9 |
               +--------+--------+--------+--------+--------+-----+--------+

Top non-repeatable levels by time:
     D:6: 1895 daAuts
     D:5: 1361 daAuts
     D:4: 1270 daAuts
     D:3: 898 daAuts
     D:1: 803 daAuts
     D:2: 796 daAuts
     D:7: 295 daAuts
